 Seeded DCSS version 0.30.1-11-g7821555f0a (webtiles) character file.

Game seed: 8617203140785432855 (custom seed)

4 Psyclone the Conjurer (level 1, 10/10 HPs)
             Began as a Deep Elf Conjurer on Nov 3, 2023.
             Quit the game on level 1 of the Dungeon.
             The game lasted 00:00:50 (335 turns).

Psyclone the Conjurer (Deep Elf Conjurer)            Turns: 335, Time: 00:00:51

Health: 10/10      AC:  2    Str:  4    XL:     1   Next: 50%
Magic:  6/6        EV: 12    Int: 22    God:
Gold:   0          SH:  0    Dex: 15    Spells: 5/6 levels left

rFire   . . .        (no weapon)
rCold   . . .        (no shield)
rNeg    . . .        a - +0 robe
rPois   .            (no helmet)
rElec   .            (no cloak)
rCorr   .            (no gloves)
SInv    .            (no boots)
Will    .....        (no amulet)
Stlth   +++          (no ring)
HPRegen 0.21/turn    (no ring)
MPRegen 0.10/turn

%: random rage (3%)
@: no status effects
A: talons 1, thin skeletal structure 1, berserk 1, deterioration 1, evolution 1
a: no special abilities


You were on level 1 of the Dungeon.
You visited 1 branch of the dungeon, and saw 1 of its levels.

Inventory:

Armour
 a - a +0 robe (worn)
Potions
 b - a potion of magic


   Skills:
 - Level 2.4 Dodging
 - Level 2.4 Stealth
 - Level 3.0 Spellcasting
 + Level 4.6 Conjurations


You had 5 spell levels left.
You knew the following spells:

 Your Spells              Type           Power      Damage    Failure   Level
a - Magic Dart            Conj           92%        1d7       1%          1

Your spell library contained the following spells:

 Spells                   Type           Power      Damage    Failure   Level
 Searing Ray              Conj           46%        2d6       2%          2
 Dazzling Flash           Conj/Hex       26%        N/A       14%         3
 Fulminant Prism          Conj/Hex       6%         3d7       43%         4
 Iskenderun's Mystic Bla  Conj/Tloc      13%        2d5       43%         4


Dungeon Overview and Level Annotations

Branches:
Dungeon (1/15) Zot: 5665

Altars:


Innate Abilities, Weirdness & Mutations

You have sharp toenails.
You have a somewhat thin skeletal structure. (Dex +2, Stealth+)
You sometimes lose your temper in combat.
Your body sometimes deteriorates upon taking damage.
You have hidden genetic potential.


Message History

The magic dart hits the dart slug!
You kill the dart slug!
You now have 4/6 mp.
Found a kite shield.
Found 2 fuming blue potions.
Found a glowing grey potion.
Found a blue potion and a sling.
Found a pair of boots.
A hobgoblin comes into view.
You see here 2 fuming blue potions.
c - 2 fuming blue potions The hobgoblin shouts!
Casting: Magic Dart (safe; 1% risk of failure)
Confirm with . or Enter, or press ? or * to list all spells.
Aiming: Magic Dart (safe; 1% risk of failure)
Press: ? - help, Shift-Dir - straight line, f - hobgoblin
Aim: a hobgoblin (100% to hit)
The magic dart hits the hobgoblin.
You kill the hobgoblin!
You now have 4/6 mp.
You start resting.
Magic restored.
MP restored: 6 You start waiting.
Done waiting.
You start waiting.
Done waiting.
It was a potion of mutation.
You feel extremely strange.
You feel a hidden potential growing inside you.
A pair of horns grows on your head!
You feel the urge to shout.
Your toenails lengthen and sharpen.
Unknown command.
Really quaff the potion of mutation?
You feel extremely strange.
Your urge to shout disappears.
The horns on your head shrink away.
You feel yourself wasting away.
You feel a little pissed off.
Your bones become slightly less dense.
Unknown command.
Unknown command.
Are you sure you want to abandon this character and quit the game? (Confirm with "yes".)

.........!..##.........
............##.....)...
......##.....#.....!...
......##..............
.##............#....#
.##.......#.........#
.........#..........#
.........#.#.......##
###........#....@..#
###+##................
........##........
.........##........
!..[.............รท..
............[.......
..... .........
..####+###


There were no monsters in sight!

Vanquished Creatures
  A dart slug (D:1)
  A hobgoblin (D:1)
2 creatures vanquished.

Notes
Turn   | Place    | Note
-------+----------+-------------------------------------------
     0 | D:1      | Psyclone the Deep Elf Conjurer began the quest for the Orb.
     0 | D:1      | Reached XP level 1. HP: 10/10 MP: 6/6
   333 | D:1      | Gained mutation: You have hidden genetic potential. [potion
                  | of mutation]
   333 | D:1      | Gained mutation: You have a pair of small horns on your
                  | head. [potion of mutation]
   333 | D:1      | Gained mutation: You occasionally shout uncontrollably at
                  | your foes. [potion of mutation]
   333 | D:1      | Gained mutation: You have sharp toenails. [potion of
                  | mutation]
   334 | D:1      | Lost mutation: You occasionally shout uncontrollably at
                  | your foes. [potion of mutation]
   334 | D:1      | Lost mutation: You have a pair of small horns on your head.
                  | [potion of mutation]
   334 | D:1      | Gained mutation: Your body sometimes deteriorates upon
                  | taking damage. [potion of mutation]
   334 | D:1      | Gained mutation: You sometimes lose your temper in combat.
                  | [potion of mutation]
   334 | D:1      | Gained mutation: You have a somewhat thin skeletal
                  | structure. (Dex +2, Stealth+) [potion of mutation]
   335 | D:1      | Quit the game

Illustrated notes

Levels and vault maps discovered:
D:1:      dpeg_arrival_stonehenge_12_columns, layout_basic, serial_shops, shop

Action                     || total
---------------------------++-------
   Cast: Magic Dart        ||     3
    Use: Potion            ||     2
